 Dungeon Crawl Stone Soup version 0.23-b1-49-g13d5857 (webtiles) character file.

Game seed: 32960743772222247

143390 Kairos the Severer (level 17, -2/91 HPs)
             Began as a Vine Stalker Fighter on Feb 3, 2019.
             Was the Champion of Okawaru.
             Slain by Polyphemus (9 damage)
             ... on level 2 of the Shoals.
             The game lasted 01:20:43 (20320 turns).

Kairos the Severer (Vine Stalker Fighter)          Turns: 20320, Time: 01:20:44

Health: -2/91      AC: 29    Str: 26    XL:     17   Next: 7%
Magic:  0/21       EV: 14    Int:  8    God:    Okawaru [******]
Gold:   1132       SH: 17    Dex: 17    Spells: 16/16 levels left

rFire    . . .     SeeInvis +   e - +6 broad axe
rCold    . . .     Gourm    .   G - +1 shield "Raefijuss" {rPois Dex+3 SInv}
rNeg     . . .     Faith    +   N - +3 plate armour
rPois    +         Spirit   +   (no helmet)
rElec    .         Reflect  .   s - scarf {repulsion}
rCorr    .         Harm     .   E - +2 pair of gloves
MR       ++...                  k - +1 pair of boots {run}
Stlth    ..........             H - amulet of faith
HPRegen  1.05/turn              Y - ring of flight
MPRegen  0.17/turn              K - +4 ring of protection

@: heroism, flying, repel missiles, quick
A: fangs 3, regeneration 2, magic shield, antimagic bite, no potion heal 3, rot
immunity
}: 1/15 runes: gossamer
a: Heroism, Finesse, Renounce Religion, Stop Flying


You were on level 2 of the Shoals.
You worshipped Okawaru.
Okawaru was exalted by your worship.
You were not hungry.

You visited 4 branches of the dungeon, and saw 26 of its levels.

You collected 1658 gold pieces.
You spent 526 gold pieces at shops.

Inventory:

Hand Weapons
 a - a +2 demon trident of draining
 e - a +6 broad axe (weapon)
 v - the +8 whip "Snakebite" {curare, rPois}
   (You found it on level 2 of the Lair of Beasts)

   It poisons the flesh of those it strikes.
   It protects you from poison.
 A - the +7 fustibalus "Amidd" {velocity, Int+2}
   (Okawaru gifted it to you on level 3 of the Spider Nest)

   Any stone fired from it inflicts extra damage.
   It affects your intelligence (+2).
 L - a +3 hand crossbow of freezing
 R - a +1 hand axe of flaming
Missiles
 u - 44 bolts
 O - 123 sling bullets (quivered)
Armour
 k - a +1 pair of boots of running (worn)
 s - a scarf of repulsion (worn)
 E - a +2 pair of gloves (worn)
 G - the +1 shield "Raefijuss" (worn) {rPois Dex+3 SInv}
   (Okawaru gifted it to you on level 5 of the Lair of Beasts)

   It affects your dexterity (+3).
   It protects you from poison.
   It lets you see invisible.
 N - a +3 plate armour (worn)
 T - a +4 chain mail of magic resistance
Jewellery
 l - an uncursed ring of poison resistance
 F - an uncursed ring of resist corrosion
 H - an amulet of faith (around neck)
 J - an uncursed ring of fire
 K - a +4 ring of protection (right hand)
 M - an uncursed ring of protection from cold
 X - a +3 ring of evasion
 Y - a ring of flight (left hand)
Wands
 n - a wand of digging (4)
 x - a wand of clouds (7)
 D - a wand of iceblast (8)
 W - a wand of scattershot (6)
 Z - a wand of disintegration (12)
Scrolls
 b - 9 scrolls of amnesia
 c - 2 scrolls of identify
 d - 6 scrolls of immolation
 g - 6 scrolls of magic mapping
 i - 10 scrolls of teleportation
 p - 3 scrolls of blinking
 t - 3 scrolls of fog
 y - 3 scrolls of fear
 z - 16 scrolls of remove curse
 S - 2 scrolls of acquirement
Potions
 h - 2 potions of invisibility
 j - 9 potions of flight
 m - 9 potions of curing
 q - 5 potions of lignification
 r - 9 potions of haste
 w - 2 potions of magic
 B - 3 potions of brilliance
 C - a potion of cancellation
 I - a potion of agility {unknown}
 P - 2 potions of berserk rage {unknown}
 Q - a potion of might
 V - 3 potions of ambrosia
Miscellaneous
 U - a lightning rod (4/4)
Comestibles
 f - 38 rations
 o - 2 chunks of flesh


   Skills:
 + Level 11.2(16.2) Fighting
 - Level 17.8(23.0) Axes
 - Level 3.8(17.6) Maces & Flails
 + Level 2.8(7.8) Slings
 + Level 9.6(14.6) Armour
 + Level 5.1(10.1) Dodging
 + Level 0.3(5.3) Stealth
 + Level 12.2(17.2) Shields
 + Level 4.0 Invocations
 + Level 0.6 Evocations


You had 16 spell levels left.
You didn't know any spells.
Your spell library contained the following spells:

 Spells                   Type           Power        Failure   Level  Hunger
 Animate Skeleton         Necr           N/A          97%         1    ##.....
 Apportation              Tloc           #.....       97%         1    ##.....
 Confusing Touch          Hex            #.....       97%         1    ##.....
 Summon Small Mammal      Summ           #...         97%         1    ##.....
 Poisonous Vapours        Pois/Air       #.....       99%         2    ###....
 Conjure Flame            Conj/Fire      #.......     100%        3    ####...
 Mephitic Cloud           Conj/Pois/Air  #.......     100%        3    ####...
 Freezing Cloud           Conj/Ice/Air   #.........   100%        6    #######
 Ring of Flames           Chrm/Fire      #.........   100%        7    #######


Dungeon Overview and Level Annotations

Branches:
Dungeon (14/15)            Temple (0/1) D:6            Lair (6/6) D:11
 Shoals (2/4) Lair:3       Spider (4/4) Lair:2        Slime (0/5) Lair:6
    Orc (0/2) D:11
 Vaults: D:13-14

Altars:
Ashenzari
Fedhas
Gozag
Kikubaaqudgha
Makhleb
Nemelex Xobeh
Okawaru
Sif Muna
Trog
Vehumet
Xom
Yredelemnul
Jiyva

Shops:
D:4 **   D:6 =   D:10 [%(}(   Shoals:1 =

Annotations:
Shoals:2 Polyphemus


Innate Abilities, Weirdness & Mutations

You have razor-sharp teeth.
You heal very quickly.
When hurt, damage is shared between your health and your magic reserves.
Your bite disrupts and absorbs the magic of your enemies.
Potions cannot restore your health.
You are immune to rotting.


Message History

You hit the merfolk siren.
Polyphemus says, "Do you like to play 'catch'?"
Polyphemus barely misses you. Polyphemus hits you!
* * * LOW HITPOINT WARNING * * *
The merfolk siren chants its luring song.
You hit Polyphemus. You bite Polyphemus, but do no damage.
Polyphemus is severely wounded.
You slash the merfolk siren!
You break out of your daze!
You kill the merfolk siren!
Okawaru accepts your kill.
You hear a splash.
Polyphemus hits you!
* * * LOW HITPOINT WARNING * * *
Polyphemus hits you but does no damage.
You slice Polyphemus!! You bite Polyphemus. You drain his power.
You feel invigorated.
Polyphemus is almost dead.
Polyphemus hits you!!
You die...

≈≈≈≈≈≈≈≈≈≈≈≈≈≈
≈≈≈≈≈≈≈≈≈≈≈≈≈.≈≈≈≈≈≈≈P ≈≈
..≈≈≈≈≈≈≈≈≈≈...≈≈≈≈≈. ≈..
..≈≈≈≈≈≈≈≈≈≈≈≈≈≈≈≈≈. ≈≈..
#.≈≈≈≈≈≈≈≈≈≈≈≈≈≈≈≈P.
≈≈≈≈≈.##...≈≈≈≈≈≈≈≈≈≈≈PP≈≈.
≈≈≈≈≈.....≈≈≈≈≈≈≈≈≈≈≈≈≈P..P
≈≈≈≈≈.....@)≈≈≈≈≈≈≈≈≈≈≈PP≈P
≈≈≈≈≈≈≈≈≈≈.††C≈≈≈≈≈≈≈≈.≈≈≈P.≈≈
≈≈≈≈≈≈≈)≈>≈†(≈≈≈≈≈≈≈≈..≈≈PPPP≈
≈≈≈≈≈≈≈≈≈.≈≈..(†≈≈≈≈≈≈≈.≈≈≈≈≈≈≈≈
≈≈≈≈≈≈≈≈≈≈≈≈..#(≈≈≈≈≈≈≈≈≈≈≈≈≈≈≈≈≈
≈≈≈≈≈≈≈.≈≈.≈≈.(.≈≈≈(≈≈..)≈≈≈≈≈≈≈≈
≈≈≈≈≈≈≈.≈≈≈(..≈≈≈≈≈≈≈.##.≈≈≈≈≈≈≈≈
≈≈≈≈≈≈...≈≈...≈≈≈≈≈≈≈≈.....P≈≈≈≈≈
.#.≈≈≈.###)...≈≈≈≈≈≈≈≈≈...≈≈≈≈≈≈≈


You could see Polyphemus.

Vanquished Creatures
  Rupert (Lair:2)
  The ghost of Beorghan the Bludgeoner, an adept MiBe of Trog (Spider:3)
  2 ghost moths
  7 emperor scorpions
  3 entropy weavers (Spider:4)
  A spark wasp (Spider:4)
  A merfolk javelineer (Shoals:1)
  2 merfolk impalers (Shoals:2)
  A fire dragon (Lair:6)
  6 hydras
  A catoblepas (Lair:3)
  Erica (Lair:2)
  A two-headed ogre (D:10)
  A queen ant (Spider:4)
  4 death yaks (Shoals:2)
  Urug (Lair:1)
  2 fire crabs
  3 unseen horrors
  4 sea snakes (Shoals:2)
  20 orb spiders
  An ugly thing (D:11)
  28 wolf spiders
  2 fauns (Shoals:1)
  5 manticores
  2 cyclopes
  5 merfolk sirens
  9 elephants
  3 moths of wrath
  3 molten gargoyles (Lair:6)
  2 water nymphs
  7 black mambas
  A torpor snail (Lair:2)
  6 spiny frogs
  8 demonic crawlers
  6 komodo dragons
  A troll (shapeshifter) (D:11)
  36 jumping spiders
  5 trolls
  11 merfolk
  Grinder (D:5)
  A hornet (Spider:2)
  3 blink frogs (Lair:6)
  6 hippogriffs
  9 dream sheep
  3 snapping turtles
  Sigmund (D:2)
  27 tarantellas
  6 wyverns
  A wraith (D:10)
  64 redbacks
  2 fire bats (Shoals:2)
  A water elemental (Shoals:1)
  4 hogs (D:8)
  A human (D:8)
  5 basilisks
  56 yaks
  4 steam dragons
  A hungry ghost (D:8)
  2 wargs
  19 water moccasins
  8 porcupines
  23 soldier ants (Spider:4)
  3 hell hounds (Lair:6)
  5 orc warriors
  A sky beast (D:6)
  3 phantoms
  4 black bears
  A necrophage (D:10)
  5 ogres
  21 wolves
  11 centaurs
  8 crocodiles
  15 bullfrogs
  7 big kobolds (D:5)
  A wyvern zombie (D:9)
  4 scorpions
  2 water moccasin skeletons
  7 wights
  2 howler monkeys (D:10)
  5 lava snakes (Lair:6)
  5 crimson imps
  A centaur zombie (D:10)
  A wyvern simulacrum (D:14)
  12 orc priests
  5 centaur skeletons
  3 hounds
  9 orc wizards
  5 iguanas
  20 worker ants
  Terence (D:3)
  A hound zombie (D:5)
  A hound skeleton (D:10)
  7 gnolls
  14 adders
  5 shadow imps
  3 oozes
  3 dart slugs
  6 leopard geckos
  64 orcs
  9 bats
  9 giant cockroaches
  7 goblins
  7 hobgoblins
  6 jackals
  54 kobolds
  7 quokkas
  2 ball pythons
  4 frilled lizards
  A jackal skeleton (D:5)
  A leopard gecko skeleton (D:4)
  A leopard gecko zombie (D:7)
  12 rats
  A butterfly (Lair:5)
  A fungus (Lair:1)
  A plant (Lair:3)
846 creatures vanquished.

Vanquished Creatures (others)
  A catoblepas (Shoals:2)
  2 worker ants (Spider:4)
  4 fungi
  4 plants
11 creatures vanquished.

Grand Total: 857 creatures vanquished

Notes
Turn   | Place    | Note
-------+----------+-------------------------------------------
     0 | D:1      | Kairos the Vine Stalker Fighter began the quest for the
                  | Orb.
     0 | D:1      | Reached XP level 1. HP: 11/11 MP: 2/2
    38 | D:1      | Reached skill level 2 in Axes
    42 | D:1      | Reached XP level 2. HP: 12/16 MP: 3/3
   223 | D:1      | Reached XP level 3. HP: 10/19 MP: 4/4
   585 | D:2      | Noticed Sigmund
   601 | D:2      | Killed Sigmund
   601 | D:2      | Reached skill level 3 in Axes
   601 | D:2      | Reached skill level 1 in Dodging
   601 | D:2      | Gained mutation: Your natural rate of healing is unusually
                  | fast. [Vine Stalker growth]
   601 | D:2      | Reached XP level 4. HP: 4/24 MP: 1/5
   601 | D:2      | Reached XP level 5. HP: 5/28 MP: 1/6
   704 | D:2      | Found a shimmering altar of Xom.
   829 | D:2      | Reached XP level 6. HP: 32/32 MP: 7/7
  1024 | D:2      | Found a bloodstained altar of Trog.
  1045 | D:2      | Found a sparkling altar of Nemelex Xobeh.
  1138 | D:3      | Reached skill level 4 in Axes
  1198 | D:3      | Noticed Terence
  1214 | D:3      | Killed Terence
  1388 | D:3      | Found an opulent altar of Gozag.
  1487 | D:3      | Found a radiant altar of Vehumet.
  1743 | D:4      | Found an iron altar of Okawaru.
  1760 | D:4      | Became a worshipper of Warmaster Okawaru
  1798 | D:4      | Found Coqasoimo's Assorted Antiques.
  1805 | D:4      | Bought a scroll of identify for 46 gold pieces
  1844 | D:4      | Found Pumeirom's Lightly-Used Armoury.
  1867 | D:4      | Reached XP level 7. HP: 36/36 MP: 6/8
  1967 | D:4      | Found a blossoming altar of Fedhas.
  2207 | D:5      | Entered Level 5 of the Dungeon
  2243 | D:5      | Reached skill level 5 in Axes
  2280 | D:5      | Noticed Grinder
  2310 | D:5      | Killed Grinder
  2386 | D:5      | Gained mutation: You have razor-sharp teeth. [Vine Stalker
                  | growth]
  2386 | D:5      | Reached XP level 8. HP: 41/42 MP: 7/9
  2392 | D:5      | Reached * piety under Okawaru
  2747 | D:5      | Reached skill level 6 in Axes
  3025 | D:5      | Reached ** piety under Okawaru
  3168 | D:5      | Reached skill level 7 in Axes
  3171 | D:5      | Reached XP level 9. HP: 46/46 MP: 10/10
  3352 | D:6      | Reached skill level 5 in Shields
  3370 | D:6      | Got a pitted hunting sling
  3371 | D:6      | Identified the cursed +1 hunting sling "Imanirph" {flame,
                  | -Tele MR+ Str+3 SInv} (You found it on level 6 of the
                  | Dungeon)
  3433 | D:6      | Found Suddiz's Jewellery Shoppe.
  3492 | D:6      | Found a staircase to the Ecumenical Temple.
  3798 | D:6      | Reached *** piety under Okawaru
  3798 | D:6      | Reached skill level 5 in Fighting
  3798 | D:6      | Reached skill level 8 in Axes
  4412 | D:7      | Reached skill level 9 in Axes
  4437 | D:7      | Reached skill level 5 in Armour
  4460 | D:7      | Noticed a troll
  4499 | D:7      | Reached XP level 10. HP: 51/51 MP: 11/11
  4626 | D:7      | Found an ancient bone altar of Kikubaaqudgha.
  4801 | D:6      | Bought an uncursed amulet of faith for 480 gold pieces
  4929 | D:8      | Reached **** piety under Okawaru
  4979 | D:8      | Got a faintly glowing leather armour
  5149 | D:8      | Reached skill level 10 in Axes
  5222 | D:8      | Found a shattered altar of Ashenzari.
  5317 | D:8      | Identified the +1 leather armour of Youthful Indiscretion
                  | {Dex+2} (You found it on level 8 of the Dungeon)
  5382 | D:9      | Reached ***** piety under Okawaru
  5631 | D:9      | Found a deep blue altar of Sif Muna.
  5749 | D:9      | Found a basalt altar of Yredelemnul.
  6124 | D:10     | Entered Level 10 of the Dungeon
  6138 | D:10     | Found Jif Ineo's Antique Weapon Boutique.
  6164 | D:10     | Found Matwin's Gadget Emporium.
  6200 | D:10     | Noticed a two-headed ogre
  6208 | D:10     | Killed a two-headed ogre
  6208 | D:10     | Reached skill level 11 in Axes
  6208 | D:10     | Reached XP level 11. HP: 36/56 MP: 9/12
  6232 | D:10     | Found a burning altar of Makhleb.
  6232 | D:10     | Noticed a cacodemon
  6277 | D:10     | Found Ybbienn's Antique Weapon Shop.
  6484 | D:10     | Noticed an unseen horror
  6490 | D:10     | Killed an unseen horror
  6490 | D:10     | Received a gift from Okawaru
  6662 | D:10     | Found Mofaimae's Antique Armour Shop.
  6671 | D:10     | Noticed an unseen horror
  6695 | D:9      | Killed an unseen horror
  6695 | D:9      | Reached skill level 1 in Slings
  6859 | D:10     | Found Ufaest's Food Boutique.
  7016 | D:11     | Found a staircase to the Orcish Mines.
  7024 | D:11     | Reached skill level 1 in Invocations
  7040 | D:10     | Received a gift from Okawaru
  7116 | D:11     | Noticed a white ugly thing
  7604 | D:11     | Killed a white ugly thing
  7604 | D:11     | Reached skill level 12 in Axes
  7706 | D:11     | Received a gift from Okawaru
  7925 | D:11     | Noticed an unseen horror
  7942 | D:11     | Killed an unseen horror
  7942 | D:11     | Gained mutation: You heal very quickly. [Vine Stalker
                  | growth]
  7942 | D:11     | Reached XP level 12. HP: 45/63 MP: 8/13
  7957 | D:11     | You fall through a shaft for 3 floors!
  8091 | D:14     | Noticed an eight-headed hydra
  8104 | D:14     | Killed an eight-headed hydra
  8188 | D:11     | Received a gift from Okawaru
  8455 | D:11     | Found a staircase to the Lair.
  8559 | Lair:1   | Entered Level 1 of the Lair of Beasts
  8611 | Lair:1   | Noticed Urug
  8619 | Lair:1   | Killed Urug
  8619 | Lair:1   | Reached skill level 13 in Axes
  8619 | Lair:1   | Reached skill level 1 in Maces & Flails
  8727 | Lair:1   | Identified a scroll of acquirement
  8917 | Lair:1   | Received a gift from Okawaru
  9084 | Lair:1   | Found a bloodstained altar of Trog.
  9381 | Lair:2   | Noticed Erica
  9397 | Lair:2   | Killed Erica
  9490 | Lair:2   | Found a hole to the Spider Nest.
  9752 | Lair:2   | Noticed a six-headed hydra
  9765 | Lair:2   | Killed a six-headed hydra
  9954 | Lair:2   | Reached XP level 13. HP: 9/68 MP: 4/15
 10047 | Lair:2   | Reached skill level 14 in Axes
 10056 | Lair:2   | Found the +8 whip "Snakebite" {curare, rPois}
 10439 | Lair:2   | Reached ****** piety under Okawaru
 10667 | Lair:3   | Noticed Rupert
 10692 | Lair:2   | Killed Rupert
 10883 | Lair:3   | Found a staircase to the Shoals.
 10895 | Lair:3   | Received a gift from Okawaru
 11794 | Lair:4   | Reached skill level 15 in Axes
 12619 | Lair:5   | Received a gift from Okawaru
 12624 | Lair:5   | Got a faintly humming shield {god gift}
 12638 | Lair:5   | Identified the +1 shield "Raefijuss" {rPois Dex+3 SInv}
                  | (Okawaru gifted it to you on level 5 of the Lair of Beasts)
 12642 | Lair:5   | Reached XP level 14. HP: 73/73 MP: 16/16
 13370 | Lair:6   | Entered Level 6 of the Lair of Beasts
 13558 | Lair:6   | Found a staircase to the Slime Pits.
 13558 | Lair:6   | Found a viscous altar of Jiyva.
 13711 | Lair:6   | Found a large runed translucent door.
 13950 | Lair:6   | Found a large runed translucent door.
 13989 | Lair:6   | Received a gift from Okawaru
 14021 | Lair:6   | Reached skill level 16 in Axes
 14957 | Spider:1 | Entered Level 1 of the Spider Nest
 15042 | Spider:1 | Received a gift from Okawaru
 15372 | Spider:1 | Reached XP level 15. HP: 79/79 MP: 18/18
 15797 | Spider:1 | Received a gift from Okawaru
 16353 | Spider:2 | Noticed an emperor scorpion
 16374 | Spider:2 | Killed an emperor scorpion
 16486 | Spider:2 | Reached skill level 17 in Axes
 16943 | Spider:3 | Received a gift from Okawaru
 16978 | Spider:3 | Got a bloodstained fustibalus {god gift}
 16995 | Spider:3 | Identified the +7 fustibalus "Amidd" {velocity, Int+2}
                  | (Okawaru gifted it to you on level 3 of the Spider Nest)
 17086 | Spider:3 | Reached skill level 10 in Shields
 17156 | Spider:3 | Noticed a ghost moth
 17169 | Spider:3 | Killed a ghost moth
 17195 | Spider:3 | Found a runed translucent door.
 17195 | Spider:3 | Noticed Beorghan's ghost (adept MiBe)
 17217 | Spider:3 | Killed Beorghan's ghost
 17531 | Spider:4 | Entered Level 4 of the Spider Nest
 17541 | Spider:4 | Noticed an emperor scorpion
 17553 | Spider:4 | Received a gift from Okawaru
 17564 | Spider:4 | Killed an emperor scorpion
 17572 | Spider:3 | Identified a +1 pair of boots of running (Okawaru gifted it
                  | to you on level 4 of the Spider Nest)
 17903 | Spider:4 | Reached XP level 16. HP: 51/84 MP: 19/19
 18224 | Spider:4 | Reached skill level 10 in Fighting
 18319 | Spider:4 | Reached skill level 5 in Dodging
 18582 | Spider:4 | Got a twisted ring mail
 18830 | Spider:4 | Got a gossamer rune of Zot
 18914 | Spider:4 | Identified the +3 ring mail of Repulsion {MR+} (You found
                  | it on level 4 of the Spider Nest)
 19056 | Shoals:1 | Entered Level 1 of the Shoals
 19075 | Shoals:1 | Found Rebryl's Jewellery Emporium.
 19087 | Shoals:1 | Received a gift from Okawaru
 20138 | Shoals:2 | Received a gift from Okawaru
 20285 | Shoals:2 | Noticed Polyphemus
 20288 | Shoals:2 | Reached XP level 17. HP: 79/91 MP: 18/21
 20320 | Shoals:2 | Slain by Polyphemus

Skill      XL: |  1  2  3  4  5  6  7  8  9 10 11 12 13 14 15 16 |
---------------+-------------------------------------------------+-----
Axes           | 2 3 4 5 7 9 11 12 13 15 16 17 | 17.8
Shields        | 3 4 5 6 7 8 9 10 12 | 12.2
Fighting       | 3 4 5 6 7 8 9 11 | 11.2
Armour         | 3 4 5 6 7 8 9 |  9.6
Dodging        | 1 2 3 4 5 |  5.1
Slings         | 1 2 |  2.8
Invocations    | 1 2 3 4 |  4.0
Maces & Flails | 1 2 3 |  3.8
Stealth        | |  0.3
Evocations     | |  0.6

Action                   |  1- 3 |  4- 6 |  7- 9 | 10-12 | 13-15 | 16-18 || total
-------------------------+-------+-------+-------+-------+-------+-------++-------
Melee: War axe           |    87 |   139 |   370 |   236 |       |       ||   832
       Bite              |    21 |    29 |   107 |   192 |   447 |   238 ||  1034
       Broad axe         |       |       |       |   322 |   838 |   538 ||  1698
       Whip              |       |       |       |    13 |   202 |       ||   215
 Fire: Hunting sling     |       |       |       |    63 |       |       ||    63
Invok: Heroism           |       |       |     5 |    29 |    33 |    13 ||    80
       Finesse           |       |       |       |       |     1 |       ||     1
 Abil: Evoke Flight      |       |       |       |       |     5 |     4 ||     9
       Stop Flying       |       |       |       |       |     2 |       ||     2
Evoke: Wand              |       |       |       |       |     1 |       ||     1
  Use: Scroll            |       |     7 |     6 |    16 |    12 |     6 ||    47
       Potion            |       |       |     1 |     1 |       |       ||     2
  Eat: Chunk             |       |     4 |     8 |    12 |    10 |     8 ||    42
       Ration            |       |       |       |     3 |     5 |       ||     8
Armor: Scale mail        |    40 |    50 |       |       |       |       ||    90
       Chain mail        |       |    34 |   156 |   318 |   409 |       ||   917
       Plate armour      |       |       |       |       |    48 |   252 ||   300
Dodge: Dodged            |    33 |    44 |    87 |   226 |   467 |   189 ||  1046
       Deflected         |       |       |       |       |     5 |    10 ||    15
Block: Shield            |    51 |    88 |   212 |   431 |   705 |   414 ||  1901
